 Dungeon Crawl Stone Soup version 0.28-a0-245-g639a1a48b9 (webtiles) character file.

Game seed: 2582404133954502736

53 AarnesTheHuman the Skirmisher (level 4, 0/37 HPs)
             Began as a Formicid Abyssal Knight on Aug 25, 2021.
             Was a Believer of Lugonu.
             Succumbed to an adder's poison
             ... on level 2 of the Dungeon.
             The game lasted 00:06:33 (1415 turns).

AarnesTheHuman the Skirmisher (FoAK)                Turns: 1415, Time: 00:06:33

Health: 0/37       AC:  4    Str: 17    XL:     4   Next: 11%
Magic:  5/5        EV: 10    Int: 12    God:    Lugonu [**....]
Gold:   27         SH:  3    Dex: 10    Spells: 3/3 levels left

rFire   . . .      SeeInvis +   c - +1 triple sword
rCold   . . .      Faith    .   i - +0 buckler
rNeg    . . .      Spirit   .   b - +0 leather armour
rPois   .          Reflect  .   (helmet unavailable)
rElec   .          Harm     .   (no cloak)
rCorr   .          Rampage  .   (no gloves)
Will    .....                   d - +0 pair of boots
Stlth   +.........              (no amulet)
HPRegen 0.12/turn               (no ring)
MPRegen 0.09/turn               (no ring)

@: brilliant, lethally poisoned (0 -> -3)
A: permanent stasis, dig shafts and tunnels, antennae 3, four strong arms
a: Dig, Shaft Self, Renounce Religion, Depart the Abyss, Bend Space


You were on level 2 of the Dungeon.
You worshipped Lugonu.
Lugonu was pleased with you.
You visited 1 branch of the dungeon, and saw 2 of its levels.
You visited the Abyss 1 time.

You collected 27 gold pieces.

Inventory:

Hand Weapons
 a - a +1 spear
 c - a +1 triple sword (weapon)
Missiles
 f - 13 poisoned darts (quivered)
Armour
 b - a +0 leather armour (worn)
 d - a +0 pair of boots (worn)
 i - a +0 buckler (worn)
Potions
 e - a potion of berserk rage


   Skills:
 + Level 4.0 Fighting
 + Level 1.8 Long Blades
 - Level 2.0 Polearms
 + Level 2.6 Armour
 - Level 0.8 Dodging
 - Level 1.0 Stealth
 * Level 0.3 Shields
 + Level 2.3 Invocations


You had 3 spell levels left.
You didn't know any spells.
Your spell library contained the following spells:

 Spells                   Type           Power      Damage    Failure   Level
 Slow                     Hex            0%         N/A       67%         2
 Confusing Touch          Hex            0%         N/A       88%         3
 Yara's Violent Unravell  Hex/Tmut       0%         3d3       100%        5


Dungeon Overview and Level Annotations

Branches:
Dungeon (2/15)

Altars:


Innate Abilities, Weirdness & Mutations

You cannot be hasted, slowed, berserked, paralysed or teleported.
You can dig through walls and to a lower floor.
You have a pair of large antennae on your head. (SInv)
Your four strong arms can wield two-handed weapons with a shield.


Message History

You block the adder's attack.
Something bites the fungus.
The fungus is constricted.
The adder bites you.
You are lethally poisoned!
The adder poisons you!
Something bites the fungus.
The fungus is constricted.
The adder bites you.
* * * LOW HITPOINT WARNING * * *
It was a potion of berserk rage.
Your stasis prevents you from going berserk.
* * * LOW HITPOINT WARNING * * *
You feel very sick.
A nearby fungus withers and dies.
Something loses its grip on the fungus.
The adder barely misses you.
It was a potion of haste.
Your stasis prevents you from being hasted.
* * * LOW HITPOINT WARNING * * *
You feel sick. The adder barely misses you.
It was a potion of brilliance.
You feel clever all of a sudden.
* * * LOW HITPOINT WARNING * * *
You feel sick. The adder barely misses you. The ball python closely misses you.
The ball python grabs you. The ball python constricts you.
You block the adder's attack.
As you read the scroll labelled NIW LISTASEA, it crumbles to dust.
You assume a fearsome visage.
The fungus is unaffected.
The plant is unaffected. x3; The fungus is unaffected. x2
The ball python looks frightened!
The adder looks frightened!
It was a scroll of fear.
* * * LOW HITPOINT WARNING * * *
You feel sick. The ball python loses its grip on you.
As you read the scroll labelled BUERGH DEKHLUACA, it crumbles to dust.
It is a scroll of enchant weapon.
Your +0 triple sword glows red for a moment.
* * * LOW HITPOINT WARNING * * *
You feel sick.
Are you sure you want to shaft yourself?
* * * LOW HITPOINT WARNING * * *
You feel sick.
Cornered, the ball python turns to fight!
You begin to dig a shaft.
You continue digging a shaft.
You die...

...........###.#.## #
###...............# #
....#############.# #
##... P.#P#...#..# # ..#
#S#P#.#.#..## #
..P..P..P......# #
#.#.#P#.#.#...# #
#.P.#_#...#...#
.(.#.#@#.#.#.#...#
#.............P...#
#...#.#.#.#.#.#...######
#. #S..#P#...#.........
############........
...............
###...#........
......##)######
####..##.# #


You could see an adder (fleeing) and a ball python.

Vanquished Creatures
  A dart slug (D:1)
  4 endoplasms
  3 giant cockroaches (D:1)
  6 goblins
  4 hobgoblins (D:1)
  6 jackals (D:1)
  2 quokkas (D:1)
  2 ball pythons (D:1)
  7 bats
  6 frilled lizards
  3 kobolds (D:1)
  3 rats
47 creatures vanquished.

Vanquished Creatures (others)
  A fungus (D:2)
  2 plants (D:2)
3 creatures vanquished.

Grand Total: 50 creatures vanquished

Notes
Turn   | Place    | Note
-------+----------+-------------------------------------------
     0 | Abyss:1  | AarnesTheHuman the Formicid Abyssal Knight began the quest
                  | for the Orb.
     0 | Abyss:1  | Reached XP level 1. HP: 18/18 MP: 2/2
     8 | Abyss:1  | Found a corrupted altar of Lugonu.
    51 | D:1      | Escaped the Abyss
   136 | D:1      | Reached XP level 2. HP: 20/24 MP: 3/3
   264 | D:1      | Reached * piety under Lugonu
   327 | D:1      | Reached skill level 1 in Stealth
   327 | D:1      | Reached XP level 3. HP: 10/30 MP: 4/4
   648 | D:1      | Reached skill level 1 in Long Blades
   778 | D:1      | Reached skill level 4 in Fighting
   956 | D:1      | Reached ** piety under Lugonu
  1163 | D:2      | Reached XP level 4. HP: 34/37 MP: 5/5
  1401 | D:2      | Found a faded altar of an unknown god.
  1414 | D:2      | HP: 1/37 [poisoned by an adder]
  1415 | D:2      | Succumbed to an adder's poison

Illustrated notes

Levels and vault maps discovered:
D:1:      onia_arrival_mini_spirals, layout_rooms
D:2:      layout_basic, shapermc_ecumenical_altar_mp_urbaneastern, uniq_terence

Skill      XL: |  1  2  3 |
---------------+----------+-----
Stealth        | 1 |  1.0
Long Blades    | 1 |  1.8
Fighting       | 4 |  4.0
Polearms       | |  2.0
Armour         | |  2.6
Dodging        | |  0.8
Shields        | |  0.3
Invocations    | |  2.3

Action                   |  1- 3 |  4- 6 || total
-------------------------+-------+-------++-------
Melee: Triple sword      |    99 |    18 ||   117
Invok: Depart the Abyss  |     1 |       ||     1
 Abil: Dig               |     1 |       ||     1
       Shaft Self        |       |     1 ||     1
  Use: Potion            |       |     3 ||     3
       Scroll            |       |     2 ||     2
Armor: Leather armour    |    58 |     7 ||    65
Dodge: Dodged            |   123 |    16 ||   139
Block: Buckler           |       |     4 ||     4
       Rpst.: Triple sword |    36 |     7 ||    43

Table legend: (Time is in decaauts)
 A = Elapsed time spent in this place.
 B = Non-inter-level travel time spent in this place.
 C = Inter-level travel time spent in this place.
 D = Time resting spent in this place.
 E = Time spent auto-exploring this place.
 F = Levels seen in this place.
 G = Mean time per level.
                   A        B        C        D        E       F      G
               +--------+--------+--------+--------+--------+-----+--------+
         Total |   1519 |   1519 |      0 |    350 |    686 |   3 |  506.3 |
       Dungeon |   1468 |   1468 |      0 |    350 |    653 |   2 |  734.0 |
         Abyss |     51 |     51 |      0 |      0 |     33 |   1 |   51.0 |
               +--------+--------+--------+--------+--------+-----+--------+

Top non-repeatable levels by time:
     D:1: 1103 daAuts
     D:2: 365 daAuts
 Abyss:1: 51 daAuts
